Map: Altitude LE

Players

A.I. 1 (Very Easy) - Winner!

  • Race: Terran Terran
  • Spawn Location: 7:00

Archoff

  • Race: Protoss Protoss
  • League: Diamond
  • Spawn Location: 1:00

VOD

Have the link to the VOD?

Description

Time

  • Played on: March 25, 2023, 4:01 p.m.
  • Length: 6:38
Show
View Real Time Build Order
Export as new Build Order

A.I. 1 (Very Easy) Terran - Winner!

Build Orders:  

Get SALT Encoding   

  12  0:00  SCV  
  13  0:13  SCV  
  14  0:19  Supply Depot  
  14  0:46  Barracks  
  14  0:55  Supply Depot  
  14  1:02  Refinery  
  14  1:05  SCV  
  15  1:15  Refinery  
  15  1:18  SCV  
  16  1:30  SCV  
  17  1:35  Marine  
  18  1:42  SCV  
  19  1:53  Reaper  
  20  1:54  SCV  
  21  2:06  SCV  
  22  2:19  Orbital Command  
  22  2:42  Marine  
  23  2:44  SCV, Supply Depot  
  24  3:05  SCV  
  24  3:07  Factory  
  25  3:20  Supply Depot  
  25  3:23  SCV  
  26  3:32  Barracks Tech Lab  
  26  3:35  SCV  
  27  3:47  SCV  
  28  3:50  Marine  
  28  3:52  Starport  
  29  3:59  SCV  
  30  4:29  Starport Tech Lab  
  30  4:41  Marauder  
  32  4:49  Raven  
  34  5:24  Raven  
  36  5:30  Marine  
  37  6:13  Command Center  
Show
View Real Time Build Order
Export as new Build Order

Archoff Protoss 

Build Orders: 1 Gate Expand, Phoenix Opening, Colossus Rush 

Get SALT Encoding   

  12  0:00  Probe  
  13  0:12  Probe  
  14  0:17  Pylon  
  14  0:24  Probe  
  15  0:35  Gateway  
  15  0:38  Probe (Chrono Boost)  
  16  0:47  Probe (Chrono Boost), Assimilator  
  17  0:52  Probe (Chrono Boost)  
  18  1:04  Probe  
  19  1:16  Probe  
  20  1:24  Nexus  
  20  1:34  Cybernetics Core  
  20  1:37  Probe  
  21  1:44  Assimilator  
  21  1:49  Probe  
  21  1:53  Pylon  
  22  2:01  Probe (Chrono Boost)  
  23  2:08  Adept (Chrono Boost)  
  23  2:13  Probe (Chrono Boost)  
  26  2:19  Probe  
  26  2:21  Stargate  
  27  2:29  Warp Gate  
  27  2:31  Probe  
  27  2:33  Adept  
  27  2:36  Probe  
  31  2:43  Probe  
  32  2:48  Probe  
  33  2:55  Probe  
  34  3:00  Probe  
  34  3:03  Adept  
  34  3:05  Phoenix (Chrono Boost)  
  39  3:11  Pylon  
  39  3:12  Probe  
  40  3:13  Probe  
  41  3:24  Probe  
  41  3:25  Probe  
  41  3:26  Phoenix (Chrono Boost)  
  45  3:30  Gateway  
  45  3:36  Gateway  
  45  3:38  Probe  
  45  3:39  Probe  
  47  3:45  Phoenix  
  49  3:52  Robotics Facility  
  49  3:53  Probe  
  50  3:55  Probe  
  50  4:01  Assimilator  
  51  4:03  Assimilator  
  51  4:07  Pylon  
  51  4:09  Probe x2  
  53  4:19  Pylon  
  53  4:25  Phoenix (Chrono Boost)  
  53  4:28  Probe x2  
  57  4:39  Robotics Bay  
  57  4:40  Probe  
  57  4:44  Nexus  
  58  4:47  Observer (Chrono Boost)  
  59  4:53  Forge  
  59  4:58  Pylon  
  59  4:59  Probe x2  
  61  5:02  Phoenix  
  61  5:03  Observer (Chrono Boost)  
  64  5:09  Twilight Council  
  64  5:11  Probe  
  64  5:12  Probe  
  66  5:23  Probe, Colossus (Chrono Boost)  
  73  5:29  Probe  
  75  5:35  Probe  
  75  5:38  Pylon  
  75  5:40  Pylon  
  75  5:41  Probe  
  76  5:47  Probe  
  77  5:55  Gateway  
  77  5:56  Gateway  
  77  5:59  Gateway  
  77  6:01  Probe x2  
  85  6:11  Probe  
  85  6:16  Probe  
  85  6:18  Probe  
  88  6:21  Assimilator  
  88  6:23  Assimilator  
  88  6:24  Probe  
Tags
 
Add a new tag
Caveats
  • Supply blocks, unpowered buildings, or Contaminate may cause inaccurate times.
  • Supply counts are checked every 10 seconds.